 Dungeon Sprint DCSS version 0.26-a0-658-gbdda728c12 (webtiles) character file.

Game seed: 9133193006521119735

16468 sahdkjhfkaj the Severer (level 12, -16/184 HPs)
             Began as a Minotaur Berserker on Oct 4, 2020.
             Was the Champion of Trog.
             Demolished by a boulder beetle (26 damage)
             ... in the Dungeon (Sprint IX: "|||||||||||||||||||||||||||||").
             The game lasted 00:04:43 (2938 turns).

sahdkjhfkaj the Severer (Minotaur Berserker)        Turns: 2938, Time: 00:04:44

Health: -16/184    AC: 21    Str: 26    XL:     12   Next: 10%
Magic:  2/3        EV: 11    Int:  4    God:    Trog [******]
Gold:   1761       SH: 17    Dex: 11    Spells: 11/11 levels left

rFire    + . .     SeeInvis .   a - +0 war axe (antimagic)
rCold    . . .     Faith    .   t - +1 tower shield {rN+}
rNeg     + . .     Spirit   .   w - +2 plate armour
rPois    +         Reflect  .   (helmet restricted)
rElec    .         Harm     .   l - +0 cloak
rCorr    .         Rampage  .   (no gloves)
MR       .....     NoTele   +   (no boots)
Stlth    ..........             (no amulet)
HPRegen  0.40/turn              v - ring of protection from fire
MPRegen  0.08/turn              o - ring of poison resistance

@: berserking (expiring), very quick
A: retaliatory headbutt, horns 2
a: Berserk, Trog's Hand, Brothers in Arms, Renounce Religion


You were in the Dungeon.
You worshipped Trog.
Trog was exalted by your worship.
You visited 1 branch You collected 1923 gold pieces.
You spent 162 gold pieces at shops.

Inventory:

Hand Weapons
 a - a +0 antimagic war axe (weapon)
Armour
 l - a +0 cloak (worn)
 t - a +1 tower shield of positive energy (worn)
 w - a +2 plate armour (worn)
Jewellery
 m - a +3 ring of strength
 n - a +3 ring of intelligence
 o - a ring of poison resistance (right hand)
 u - an uncursed ring of ice
 v - a ring of protection from fire (left hand)
Wands
 k - a wand of acid (7)
 s - a wand of random effects (21)
Scrolls
 h - 4 scrolls of blinking
 j - 5 scrolls of remove curse
 p - 4 scrolls of fear
 q - 5 scrolls of enchant armour
 r - 2 scrolls of fog
Potions
 b - a potion of might
 c - 7 potions of curing
 d - 7 potions of heal wounds
 e - 2 potions of haste
 f - 4 potions of magic
 g - 2 potions of berserk rage
 i - a potion of invisibility


   Skills:
 + Level 16.3 Fighting
 - Level 18.0 Axes
 + Level 16.2 Armour
 + Level 15.0 Dodging
 * Level 6.5 Shields
 - Level 10.0 Evocations


You had 11 spell levels left.
You didn't know any spells.
Your spell library was empty.

Dungeon Overview and Level Annotations

Branches:
Dungeon (1/1)

Altars:
Cheibriados
Dithmenos
Elyvilon
Fedhas
Gozag
Hepliaklqana
Kikubaaqudgha
Makhleb
Nemelex Xobeh
Okawaru
Qazlal
Ru
Sif Muna
Trog
Uskayaw
Vehumet
Wu Jian
Xom
Yredelemnul
Zin
The Shining One
Beogh
Jiyva
Lugonu

Shops:
D [*(*


Innate Abilities, Weirdness & Mutations

You reflexively headbutt those who attack you in melee.
You have a pair of horns on your head.


Message History

You completely miss the snapping turtle.
You block the snapping turtle's attack.
Unknown command.
You slash the snapping turtle!
The snapping turtle is lightly wounded.
The boulder beetle curls into a ball and begins rolling!
Unknown command.
You hit the snapping turtle but do no damage.
The snapping turtle is lightly wounded.
The snapping turtle changes into a two-headed ogre!
Unknown command.
You slash the two-headed ogre! You headbutt the two-headed ogre!
The two-headed ogre is heavily wounded.
A slime creature comes into view.
Unknown command.
You closely miss the two-headed ogre.
The two-headed ogre is heavily wounded.
You hit the boulder beetle but do no damage.
The boulder beetle hits you!!
You die...

▓.▓.▓.▓'▓.▓.▓
▓J▓.▓.▓.▓.▓.▓.▓
▓.▓.▓∩▓.▓!▓.▓)▓
▓C▓.▓.▓.▓.▓.▓'▓
▓Z▓.▓∩▓.▓.▓.▓.▓
▓c▓.▓.▓.▓.▓.▓.▓
▓R▓.▓∩▓.▓.▓.▓[▓
▓O▓.▓)▓.▓.▓.▓[▓
▓@▓.▓∩▓.▓.▓.▓.▓
▓B▓.▓.▓.▓)▓.▓.▓
▓°▓.▓)▓.▓.▓.▓)▓
▓°▓.▓)▓.▓.▓.▓?▓
▓°▓.▓)▓.▓.▓.▓.▓
▓°▓.▓)▓.▓'▓.▓'▓
▓°▓.▓)▓.▓.▓.▓_▓
▓°▓)▓.▓.▓.▓.▓_▓
▓.▓.▓.▓.▓.▓.▓_▓


You could see a frost giant, a boulder beetle, a rakshasa, a slime creature, a
two-headed ogre shaped shifter, a yaktaur and an adder zombie.

Vanquished Creatures
  A boulder beetle (D)
  A hydra (D)
  4 two-headed ogres (D)
  A centaur warrior (D)
  A catoblepas (D)
  An ogre mage (D)
  An orc high priest (D)
  An unseen horror (D)
  A deep elf mage (D)
  An orc knight (D)
  An orc sorcerer (D)
  An elephant (D)
  2 black mambas (D)
  3 cane toads (D)
  2 komodo dragons (D)
  A rime drake (D)
  A blink frog (D)
  2 yaks (D)
  A basilisk (D)
  2 wyverns (D)
  Eustachio (D)
  An acid dragon (D)
  2 water moccasins (D)
  13 orc warriors (D)
  A sky beast (D)
  8 ogres (D)
  An ice beast (D)
  A black bear (D)
  A wolf (D)
  2 bullfrogs (D)
  A gnoll sergeant (D)
  2 scorpions (D)
  2 howler monkeys (D)
  A hound (D)
  2 orc priests (D)
  3 orc wizards (D)
  A worker ant (D)
  An adder (D)
  A shadow imp (D)
  2 white imps (D)
  A leopard gecko (D)
  5 orcs (D)
  A bat (D)
  A bat skeleton (D)
  A hobgoblin (D)
  A frilled lizard (D)
  A jackal skeleton (D)
  A rat (D)
88 creatures vanquished.

Vanquished Creatures (collateral kills)
  A catoblepas (D)
  4 death yaks (D)
5 creatures vanquished.

Grand Total: 93 creatures vanquished

Notes
Turn   | Place    | Note
-------+----------+-------------------------------------------
     0 | D        | sahdkjhfkaj the Minotaur Berserker began the quest for the
                  | Orb.
     0 | D        | Reached XP level 1. HP: 19/19 MP: 0/0
     8 | D        | Reached skill level 4 in Axes
     9 | D        | Reached ** piety under Trog
    89 | D        | Noticed a worker ant
    94 | D        | Killed a worker ant
    94 | D        | Reached skill level 5 in Axes
    94 | D        | Reached XP level 2. HP: 28/28 MP: 1/1
    94 | D        | Reached XP level 3. HP: 35/35 MP: 2/2
    97 | D        | Reached *** piety under Trog
    97 | D        | Reached skill level 5 in Fighting
    97 | D        | Reached skill level 6 in Axes
   109 | D        | Found a roughly hewn altar of Beogh.
   109 | D        | Found a snail-covered altar of Cheibriados.
   109 | D        | Found a shadowy altar of Dithmenos.
   109 | D        | Found a white marble altar of Elyvilon.
   109 | D        | Found a blossoming altar of Fedhas.
   109 | D        | Found an opulent altar of Gozag.
   157 | D        | Found a hazy altar of Hepliaklqana.
   158 | D        | Found a viscous altar of Jiyva.
   159 | D        | Found an ancient bone altar of Kikubaaqudgha.
   160 | D        | Found a corrupted altar of Lugonu.
   161 | D        | Found a burning altar of Makhleb.
   162 | D        | Found a sparkling altar of Nemelex Xobeh.
   163 | D        | Found an iron altar of Okawaru.
   164 | D        | Found a stormy altar of Qazlal.
   165 | D        | Found a sacrificial altar of Ru.
   166 | D        | Found a shimmering blue altar of Sif Muna.
   167 | D        | Found a bloodstained altar of Trog.
   168 | D        | Found a hide-covered altar of Uskayaw.
   169 | D        | Found a radiant altar of Vehumet.
   170 | D        | Found an ornate altar of the Wu Jian Council.
   171 | D        | Found a shimmering altar of Xom.
   172 | D        | Found a basalt altar of Yredelemnul.
   173 | D        | Found a glowing silver altar of Zin.
   174 | D        | Found a glowing golden altar of the Shining One.
   216 | D        | Noticed a scorpion
   216 | D        | Noticed a gnoll sergeant
   216 | D        | Noticed an ice beast
   224 | D        | Killed an ice beast
   224 | D        | Reached **** piety under Trog
   224 | D        | Reached skill level 5 in Evocations
   224 | D        | Reached skill level 7 in Axes
   224 | D        | Reached skill level 5 in Armour
   224 | D        | Reached XP level 4. HP: 44/44 MP: 3/3
   224 | D        | Reached XP level 5. HP: 50/50 MP: 4/4
   231 | D        | Reached skill level 8 in Axes
   231 | D        | Reached skill level 5 in Dodging
   241 | D        | Killed an unseen horror
   241 | D        | Reached ***** piety under Trog
   241 | D        | Reached skill level 12 in Axes
   241 | D        | Reached XP level 6. HP: 25/63 MP: 5/5
   241 | D        | Reached XP level 7. HP: 27/70 MP: 6/6
   589 | D        | Noticed a boulder beetle
   590 | D        | Reached skill level 1 in Shields
   610 | D        | Killed a boulder beetle
   610 | D        | Reached skill level 10 in Evocations
   610 | D        | Reached XP level 8. HP: 78/78 MP: 7/7
   765 | D        | Noticed a rime drake
   765 | D        | Noticed a cane toad
   765 | D        | Noticed a black mamba
   765 | D        | Noticed a komodo dragon
   769 | D        | Noticed a komodo dragon
   771 | D        | Killed a komodo dragon
   771 | D        | Received a gift from Trog
   771 | D        | Reached XP level 9. HP: 56/85 MP: 8/8
   772 | D        | Noticed an elephant
   775 | D        | Killed a black mamba
   775 | D        | Reached ****** piety under Trog
   775 | D        | Reached skill level 10 in Fighting
   775 | D        | Reached skill level 13 in Axes
   779 | D        | Reached skill level 10 in Armour
   783 | D        | Killed a cane toad
   783 | D        | Reached skill level 14 in Axes
   790 | D        | Killed a rime drake
   795 | D        | Killed a komodo dragon
   795 | D        | Received a gift from Trog
   804 | D        | Killed an elephant
   804 | D        | Reached skill level 10 in Dodging
  1071 | D        | Got an ancient scimitar {god gift}
  1071 | D        | Identified the +8 scimitar of Hinuilefyf {vorpal, rElec}
                  | (Trog gifted it to you in the Dungeon)
  1081 | D        | Noticed a black mamba
  1081 | D        | Noticed a cane toad
  1081 | D        | Noticed a cane toad
  1081 | D        | Noticed an eight-headed hydra
  1083 | D        | Killed a cane toad
  1083 | D        | Reached skill level 15 in Axes
  1083 | D        | Reached XP level 10. HP: 84/96 MP: 3/9
  1083 | D        | Killed a cane toad
  1084 | D        | Killed an eight-headed hydra
  1084 | D        | Reached skill level 16 in Axes
  1084 | D        | Killed a black mamba
  1084 | D        | Received a gift from Trog
  1273 | D        | Noticed a death yak
  1273 | D        | Noticed a death yak
  1273 | D        | Noticed a death yak
  1273 | D        | Noticed a catoblepas
  1273 | D        | Noticed a death yak
  1403 | D        | Noticed a catoblepas
  1407 | D        | Killed a death yak
  1409 | D        | Killed a catoblepas
  1411 | D        | Killed a death yak
  1411 | D        | Received a gift from Trog
  1411 | D        | Reached skill level 17 in Axes
  1414 | D        | Killed a death yak
  1417 | D        | Killed a death yak
  1441 | D        | Killed a catoblepas
  1441 | D        | Reached XP level 11. HP: 98/107 MP: 3/10
  1734 | D        | Received a gift from Trog
  1770 | D        | Received a gift from Trog
  1770 | D        | Reached skill level 18 in Axes
  2004 | D        | Noticed an orc knight
  2004 | D        | Noticed an orc sorcerer
  2007 | D        | Killed an orc sorcerer
  2007 | D        | Received a gift from Trog
  2031 | D        | Noticed an orc high priest
  2034 | D        | Killed an orc knight
  2212 | D        | Received a gift from Trog
  2408 | D        | Killed an orc high priest
  2622 | D        | Found Caylit's Assorted Antiques.
  2622 | D        | Noticed a two-headed ogre
  2622 | D        | Noticed an ogre mage
  2622 | D        | Noticed a two-headed ogre
  2632 | D        | Killed a two-headed ogre
  2635 | D        | Killed an ogre mage
  2635 | D        | Reached skill level 15 in Fighting
  2639 | D        | Killed a two-headed ogre
  2639 | D        | Reached skill level 15 in Armour
  2641 | D        | Received a gift from Trog
  2643 | D        | Found Guuhuciy's Antique Weapon Shop.
  2647 | D        | Noticed a two-headed ogre
  2652 | D        | Found Oxaff's Assorted Antiques.
  2657 | D        | Noticed a two-headed ogre
  2659 | D        | Killed a two-headed ogre
  2661 | D        | Found Zyupt's Armour Shop.
  2670 | D        | Killed a two-headed ogre
  2678 | D        | Received a gift from Trog
  2691 | D        | Bought a +1 tower shield of positive energy for 162 gold
                  | pieces
  2779 | D        | Noticed Eustachio
  2787 | D        | Killed Eustachio
  2898 | D        | Noticed a deep elf mage
  2898 | D        | Noticed a boulder beetle
  2909 | D        | Noticed a centaur warrior
  2917 | D        | Killed a deep elf mage
  2917 | D        | Reached skill level 5 in Shields
  2917 | D        | Reached XP level 12. HP: 39/122 MP: 1/11
  2917 | D        | Noticed a rakshasa
  2923 | D        | Received a gift from Trog
  2926 | D        | HP: 7/183 [boulder beetle (21)]
  2930 | D        | Killed a centaur warrior
  2930 | D        | Reached skill level 15 in Dodging
  2933 | D        | Noticed a frost giant
  2936 | D        | Noticed a two-headed ogre
  2936 | D        | a snapping turtle changed into a two-headed ogre
  2938 | D        | Demolished by a boulder beetle

Illustrated notes

Levels and vault maps discovered:
D:        linesprint [early_d, line_temple, items_1, d_10, items_2, lair_1,
          lair_end, items_3, orc_1, orc_end, items_4, d_15, swamp_1, shoals_1,
          snake_1, spider_1, d_20, vaults_1, items_5, swamp_end, shoals_end,
          snake_end, spider_end, vaults_end, d_27, items_6, zot_1, zot_end,
          crypt_end, forest_end, elf_end, slime_end, tomb_end, abyss_end,
          pan_hell_end]

Skill      XL: |  1  2  3  4  5  6  7  8  9 10 11 12 |
---------------+-------------------------------------+-----
Axes           | 5 7 12 15 17 18 | 18.0
Fighting       | 4 5 9 11 13 16 | 16.3
Armour         | 4 5 8 9 11 13 16 | 16.2
Dodging        | 3 4 7 8 10 12 14 15 | 15.0
Evocations     | 5 10 | 10.0
Shields        | 4 5 6 |  6.5

Action                   |  1- 3 |  4- 6 |  7- 9 | 10-12 || total
-------------------------+-------+-------+-------+-------++-------
Melee: Hand axe          |    28 |    16 |    66 |       ||   110
       Headbutt          |     3 |     1 |    15 |    66 ||    85
       War axe           |       |       |       |   244 ||   244
Invok: Berserk           |     2 |       |     2 |     2 ||     6
       Brothers in Arms  |       |       |       |     1 ||     1
       Trog's Hand       |       |       |       |     2 ||     2
Evoke: Wand              |       |       |     1 |     2 ||     3
Armor: Animal skin       |     2 |       |       |       ||     2
       Scale mail        |     4 |     5 |    12 |    21 ||    42
       Plate armour      |       |       |       |     8 ||     8
Dodge: Dodged            |    14 |     1 |    22 |    76 ||   113
Block: Buckler           |       |       |     8 |    19 ||    27
       Tower shield      |       |       |       |    13 ||    13

Table legend: (Time is in decaauts)
 A = Elapsed time spent in this place.
 B = Non-inter-level travel time spent in this place.
 C = Inter-level travel time spent in this place.
 D = Time resting spent in this place.
 E = Time spent auto-exploring this place.
 F = Levels seen in this place.
 G = Mean time per level.
                   A        B        C        D        E       F      G
               +--------+--------+--------+--------+--------+-----+--------+
         Total |   2876 |   2876 |      0 |   1467 |    672 |   1 | 2876.0 |
       Dungeon |   2876 |   2876 |      0 |   1467 |    672 |   1 | 2876.0 |
               +--------+--------+--------+--------+--------+-----+--------+

Top non-repeatable levels by time:
       D: 2876 daAuts
